Cogmind - Beta 10.1 @@@ ROGUE MODE // 2020.09.24 @ 20:26:16 Player: Akiishi Result: Destroyed by YI-UF0 with YI-UF0's Doublenader Performance ------------- Evolutions (0) 0 Regions Visited (2) 400 Robots Destroyed (26) 130 Value Destroyed (385) 385 Prototype IDs (0) 0 Alien Tech Used (0) 0 Bonus (0) 0 TOTAL SCORE: 915 Bonus ------- None Cogmind --------- Core Integrity 0/250 Matter 290/300 Energy 80/125 System Corruption 0% Temperature Cool (93) Movement Core (200) Ox3 Location -10/Mines Parts ------- > --- POWER (1) -------- Light Ion Engine > --- PROPULSION (2) --- (None) > --- UTILITY (2) ------ Small Storage Unit > --- WEAPON (2) ------- Particle Cannon > --- INVENTORY (6) ---- Ion Engine Light Treads Aluminum Leg Particle Cannon Peak State ------------ > --- POWER ------------ Light Nuclear Core > --- PROPULSION ------- Light Treads Light Treads > --- UTILITY ---------- Heat Sink Small Storage Unit > --- WEAPON ----------- Particle Cannon Particle Cannon > --- INVENTORY -------- Ion Engine Light Ion Engine Light Treads Aluminum Leg Medium Laser Light Assault Rifle [Rating: 11] Favorites ----------- Power Ion Engine Engine Ion Engine Power Core Light Nuclear Core Propulsion Light Treads Treads Light Treads Leg Aluminum Leg Utility Small Storage Unit Device Heat Sink Storage Small Storage Unit Weapon Particle Cannon Energy Gun Medium Laser Energy Cannon Particle Cannon Ballistic Gun Assault Rifle Build | -11 -10 -10 ------- Run | Scr Mat Min Slots Evolved . | . . . Power . | . . . Propulsion . | . . . Utility . | . . . Weapon . | . . . Parts Attached 28 | 6 20 2 Power 6 | 1 4 1 Engine 4 | 1 2 1 Core 2 | . 2 . Reactor . | . . . Propulsion 9 | 2 7 . Treads 6 | 2 4 . Leg 3 | . 3 . Wheel . | . . . Hover . | . . . Flight . | . . . Utility 2 | 1 1 . Device 1 | . 1 . Storage 1 | 1 . . Processor . | . . . Hackware . | . . . Protection . | . . . Artifact . | . . . Weapon 11 | 2 8 1 Energy Gun 2 | . 2 . Energy Cannon 3 | . 2 1 Ballistic Gun 6 | 2 4 . Ballistic Cannon . | . . . Launcher . | . . . Special Weapon . | . . . Impact Weapon . | . . . Slashing Weapon . | . . . Piercing Weapon . | . . . Special Melee Weapon . | . . . Unidentified Prototypes . | . . . Parts Lost 8 | . 2 6 Power 2 | . 1 1 Propulsion 3 | . 1 2 Utility 1 | . . 1 Weapon 2 | . . 2 Highest Loss Streak 6 | . 1 6 Average Slot Usage (%) 98 | . 97 100 Engine 10 | . 10 14 Core 3 | . 3 . Treads 25 | . 25 28 Leg 2 | . 2 . Device 12 | . 12 14 Storage 14 | . 14 14 Energy Cannon 19 | . 18 28 Ballistic Gun 7 | . 8 . Naked Turns . | . . . Heaviest Build 18 | 13 18 18 Greatest Support 40 | 40 40 40 Greatest Overweight (x) 2 | . 1 2 Average Overweight (x) . | . . . Largest Inventory Capacity 6 | 6 6 6 Average Capacity 5 | 5 6 6 Most Carried 6 | 4 6 6 Average Carried 5 | 3 5 5 Final Capacity 6 | 6 6 6 Final Carried 6 | 4 6 4 Class Distribution -------------------- 83% | Mutant 16% | Scavenger-Mutant Dominant Class ---------------- Mutant | -10/Materials Mutant | -10/Mines Resources | -11 -10 -10 ----------- Run | Scr Mat Min Matter Collected 630 | 211 409 10 Remotely . | . . . Salvage Created 663 | . 531 132 Parts 37 | . 37 . Haulers Intercepted 1 | . 1 . Recyclers Shooed . | . . . Parts Field Recycled . | . . . Retrieved Matter . | . . . Parts Self-Destructed . | . . . Prevented . | . . . Kills | -11 -10 -10 ------- Run | Scr Mat Min Combat Hostiles Destroyed 22 | . 13 9 Guns 6 | . 6 . Cannons 16 | . 7 9 Classes Destroyed 5 | . 4 1 Hauler 1 | . 1 . Watcher 3 | . 3 . Swarmer 5 | . 5 . Grunt 8 | . 8 . Assembled 9 | . . 9 Best Kill Streak 9 | . 3 9 Combat Bots Only 9 | . 3 9 Max Kills in Single Turn 2 | . 1 2 Gunslinging . | . . . Exploded . | . . . Melee . | . . . Uniques/NPCs Destroyed . | . . . Combat | -11 -10 -10 -------- Run | Scr Mat Min Damage Taken 1350 | . 676 674 Core 259 | . 89 170 Absorbed by Shields . | . . . Core Remaining (%) 100 | 100 . . Volleys Fired 54 | . 43 11 Largest 2 | . 2 2 Hottest 136 | . 136 136 Shots Fired 105 | . 86 19 Gun 60 | . 60 . Cannon 45 | . 26 19 Launcher . | . . . Special . | . . . Kinetic 60 | . 60 . Thermal 45 | . 26 19 Explosive . | . . . Electromagnetic . | . . . Robot Hit Streak 13 | . 13 6 Robot Miss Streak 2 | . 2 2 Penetration Max . | . . . Secondary Targets . | . . . Shots Hit Robots 69 | . 58 11 Core Hits 30 | . 21 9 Critical Hits . | . . . Critical Kills . | . . . Critical Parts Destroyed . | . . . Melee Attacks . | . . . Impact . | . . . Slashing . | . . . Piercing . | . . . Sneak Attacks . | . . . Combat Hostiles . | . . . Follow-up Attacks . | . . . Damage Inflicted 1083 | . 816 267 Guns 468 | . 468 . Cannons 615 | . 348 267 Explosions . | . . . Melee . | . . . Ramming . | . . . Kinetic 468 | . 468 . Thermal 615 | . 348 267 Explosive . | . . . Electromagnetic . | . . . Impact . | . . . Slashing . | . . . Piercing . | . . . Highest Corruption . | . . . Average Corruption . | . . . Corruption Purged . | . . . Overload Shots . | . . . Overflow Damage . | . . . Projectiles . | . . . Explosions . | . . . Melee . | . . . Knockbacks . | . . . Impact . | . . . Kinetic . | . . . Secondary . | . . . Self-Inflicted Damage . | . . . Shots . | . . . Rammed . | . . . Targets Rammed . | . . . Kicked . | . . . Crushed . | . . . Highest Temperature 386 | . 180 386 Average Temperature 97 | . 48 186 Received Heat Transfer 405 | . 285 120 Effects 1 | . . 1 Shutdowns 1 | . . 1 Siege Activations . | . . . Robots Corrupted . | . . . Combat Hostiles . | . . . Parts Fried . | . . . Impact Corruptions . | . . . Robots Melted . | . . . Combat Hostiles . | . . . Parts Melted 2 | . 2 . Heat Transferred 1110 | . 629 481 Parts Sabotaged . | . . . Parts Stolen . | . . . Parts Stripped . | . . . Power Chain Reactions . | . . . Missiles Intercepted . | . . . Alert | -11 -10 -10 ------- Run | Scr Mat Min Peak Influence 223 | . 223 30 Initial 30 | . . 30 Average 82 | . 95 28 Maximum Alert Level 1 | . 1 . Low Security (%) 89 | 100 87 100 Level 1 10 | . 12 . Level 2 . | . . . Level 3 . | . . . Level 4 . | . . . Level 5 . | . . . High Security . | . . . Max Security . | . . . Squads Dispatched 3 | . 3 . Investigation 1 | . 1 . Extermination . | . . . Reinforcement 2 | . 2 . Assault . | . . . Garrison . | . . . Intercept . | . . . Construction Impeded . | . . . Haulers Reinforced . | . . . Stealth | -11 -10 -10 --------- Run | Scr Mat Min Distress Signals . | . . . Communications Jammed . | . . . Distress Signals . | . . . Times Spotted 36 | . 19 17 Peak Tracking Total 9 | . 3 9 Tactical Retreats 1 | . 1 . Traps | -11 -10 -10 ------- Run | Scr Mat Min Traps Triggered 2 | . 2 . Indirectly . | . . . Trap Hack Attempts . | . . . Triggered . | . . . Disarmed . | . . . Reprogrammed . | . . . Reused . | . . . Traps Extracted . | . . . Installed . | . . . Triggered . | . . . Machines | -11 -10 -10 ---------- Run | Scr Mat Min Machines Disabled . | . . . Max in Single Turn . | . . . Machines Sabotaged . | . . . Garrisons Compromised . | . . . Overloaded Fab Kills . | . . . Fab Network Shutdowns . | . . . Hacking | -11 -10 -10 --------- Run | Scr Mat Min Machines Accessed 5 | . 5 . Terminals 4 | . 4 . Fabricators . | . . . Repair Stations . | . . . Recycling Units 1 | . 1 . Scanalyzers . | . . . Garrison Access . | . . . Total Hacks 18 | . 18 . Successful 14 | . 14 . Failed 4 | . 4 . Catastrophic . | . . . Database Lockouts . | . . . Manual . | . . . Terminals 14 | . 14 . Fabricators . | . . . Repair Stations . | . . . Recycling Units 4 | . 4 . Scanalyzers . | . . . Garrison Access . | . . . Terminal Hacks 11 | . 11 . Robot Analysis 1 | . 1 . Emergency Access Points 2 | . 2 . Alert Level 2 | . 2 . Locate Traps 1 | . 1 . Dispatch Records 2 | . 2 . Patrol Status 1 | . 1 . Zone Layout 2 | . 2 . Fabricator Hacks . | . . . Repair Station Hacks . | . . . Recycling Unit Hacks 3 | . 3 . Process 1 | . 1 . Report Inventory 1 | . 1 . Retrieve Matter 1 | . 1 . Scanalyzer . | . . . Garrison Access Hacks . | . . . Unauthorized Hacks . | . . . Terminals . | . . . Fabricators . | . . . Repair Stations . | . . . Recycling Units . | . . . Scanalyzers . | . . . Garrison Access . | . . . Data Cores Recovered . | . . . Used . | . . . Hacking Detections 4 | . 4 . Full Trace Events . | . . . Feedback Events . | . . . Feedback Blocked . | . . . Robot Schematics Acquired . | . . . Robots Built . | . . . Matter . | . . . Time . | . . . Total Robot Build Rating . | . . . Part Schematics Acquired . | . . . Parts Built . | . . . Matter . | . . . Time . | . . . Total Part Build Rating . | . . . Parts Repaired . | . . . Time . | . . . Parts Recycled . | . . . Recycled Matter 18 | . 18 . Retrieved Matter . | . . . Retrieved Components . | . . . Parts Scanalyzed . | . . . Part Schematics Acquired . | . . . Parts Damaged . | . . . Bothacking | -11 -10 -10 ------------ Run | Scr Mat Min Used RIF Installer . | . . . Robots Hacked . | . . . Non-combat . | . . . Combat . | . . . Robot Hacks Applied . | . . . Relay Couplers Released . | . . . Robots Rewired . | . . . Allies Hacked . | . . . Hacks Repelled . | . . . Allies | -11 -10 -10 -------- Run | Scr Mat Min Total Allies . | . . . Largest Group . | . . . Highest-Rated Group . | . . . Highest-Rated Ally . | . . . Total Orders . | . . . Ally Attacks . | . . . Total Damage . | . . . Kills . | . . . Allies Corrupted . | . . . Allies Melted . | . . . Intel | -11 -10 -10 ------- Run | Scr Mat Min Robot Analysis Total 1 | . 1 . Derelict Logs Recovered . | . . . Drone Launches . | . . . Drone Recoveries . | . . . Exploration | -11 -10 -10 ------------- Run | Scr Mat Min Turns Passed 1246 | 82 1029 135 Spaces Moved 613 | 50 516 47 Core 14 | 13 . 1 Treads 547 | 37 464 46 Legs 52 | . 52 . Wheels . | . . . Hover . | . . . Flight . | . . . Fastest Speed 50 | 50 120 150 Average Speed 154 | 131 156 159 Slowest Speed 160 | 160 160 160 Overloaded Moves . | . . . Propulsion Burnouts . | . . . Robots Hopped . | . . . Cave-ins Triggered . | . . . Exploration Rate (%) 33 | 4 83 14 Regions Visited 2 Branch Regions 1 Pre-discovered Areas . | . . . Known Exits Taken . | . . . Unknown Exits Taken 2 | 1 1 . Scrap Searched . | . . . Spaces Dug . | . . . Terrain Destroyed . | . . . Melee . | . . . Projectile . | . . . AOE . | . . . Terrain Rammed . | . . . Walls Destroyed . | . . . Machines Disabled . | . . . Actions | -11 -10 -10 --------- Run | Scr Mat Min Total 809 | 66 655 88 Wait 79 | 1 50 28 Move 611 | 49 515 47 Hop . | . . . Pick Up 26 | 10 16 . Fast Attach . | . . . Attach 11 | 6 3 2 Detach . | . . . Swap 17 | . 17 . Drop 11 | . 11 . Fire 54 | . 43 11 Melee . | . . . Ram . | . . . Kick . | . . . Crush . | . . . Escape Stasis . | . . . Rewire . | . . . Trap . | . . . Miscellaneous . | . . . Route ------- -11/Scrapyard -10/Materials (discovered 4 exits: [*Mat x2] / [*Min x2]) -10/Mines History --------- Turn | Location | Event 7 | -11/Scrapyard | Discovered new exit (range 16) 83 | -11/Scrapyard | Entered Materials 104 | -10/Materials | Discovered new exit (range 15) 369 | -10/Materials | Discovered new exit (range 5) 602 | -10/Materials | Discovered new exit (range 13) 738 | -10/Materials | Discovered new exit (range 16) 839 | -10/Materials | Build established: Mutant 1112 | -10/Materials | Entered Mines 1116 | -10/Mines | YI-UF0 nonchalantly dropped a Grenade Launcher on the ground 1190 | -10/Mines | Assembled infested the area 1223 | -10/Mines | Core integrity fell below 50% 1237 | -10/Mines | Core integrity fell below 20% 1247 | -10/Mines | Destroyed by YI-UF0 with YI-UF0's Doublenader Last Messages --------------- YI-UF0 nonchalantly drops a Grenade Launcher on the ground. YI-UF0 mumbles something. ALERT: Infestation in the mines, dispatching Demolisher response squad. as-69329 destroyed. as-70536 destroyed. as-62180 destroyed. as-42751 destroyed. as-30650 destroyed. as-04333 destroyed. as-48179 destroyed. as-21725 destroyed. as-07740 destroyed. Acquired 10 matter. Power failure, Ion Engine shutdown. Particle Cannon destroyed. Ion Engine destroyed. Heat Sink destroyed. Lgt. Treads destroyed. U-05 Engineer destroyed. K-01 Serf collects debris. Map ----- +----------------------------------------------------+ | ?????????????????????????????????????? | | ?????????????????????????????????????? | | ?????????????????????????????????????? | | ?????????????????????????????????????? | | ?????????????????????????????????????? | | ?????????????????????????????????????? | | ?????????????????????????????????????? | | ?????????????????????????????????????? | | ?????????????????##??????????????????? | | ???????????????## ####??????????????? | | ???????????????# ##?????????????? | | ??????????????## #?????????????? | | ?????????????## #?????????????? | | ????????????## #?????????????? | | ????????????# ??????????????? | | ????????????# """ ???????????????? | | ?????????????# """ #???????????????? | | ?????????????# """ ##??????????????? | | ?????????????# """ ##??#########??? | | ?????????????# k ## $ ? | | ????????????## ? | | ???????###### g ###???????? | | ??????## % # ######?????????? | | ??????# ### #??????????????? | | ??????# ##?# ###????????????? | | ??????# @ #??# ##???????????? | | ??????## ##??# ##??????????? | | ???????## #???# ] #??????????? | | ????????# ##???## #??????????? | | ????????## aa##???## ##??????????? | | ?????????## ! ##########???????????? | | ??????????# a%%% #????????? | | ??????????# %%%% #????????? | | ??????????## ##%######## #????????? | | ???????????#####?%#??????????????????? | | ??????????????????#??????????????????? | | ?????????????????????????????????????? | | ?????????????????????????????????????? | | ?????????????????????????????????????? | | ?????????????????????????????????????? | | ?????????????????????????????????????? | | ?????????????????????????????????????? | | ?????????????????????????????????????? | | ?????????????????????????????????????? | | ?????????????????????????????????????? | | ?????????????????????????????????????? | | ?????????????????????????????????????? | | ?????????????????????????????????????? | | ?????????????????????????????????????? | | ?????????????????????????????????????? | +----------------------------------------------------+ Best States ------------- Heat Dissipation 35 Energy Generation 14 Energy Capacity 250 Matter Stores 300 Matter Capacity 300 Sight Range 16 Terrain Scan Density 10 Evasion (%) 50 Recoil Reduction 2 Item Schematics ----------------- None Robot Schematics ------------------ None Fabricated ------------ Nothing Alien Tech Used ----------------- None Achievements -------------- None Challenges ------------ None Game ------ Seed SwordGravityInjector Manual? 0 Play Time 00:23:00 Cumulative 9.8 hours Start 2020.09.24 @ 19:50:52 End 2020.09.24 @ 20:26:16 Sessions 1 Manual Loads 0 Difficulty Rogue Special Mode None Game No. 23 Rogue 23 Adventurer 0 Explorer 0 Win Type - Total 0 Types 0/0/0/0/0/0/0/0/0 Lore% 19 Gallery% 18 Achievement% 16 Wizard Run 0 Options --------- ASCII 0 Keyboard 0 Movement Numpad Keybinds 0 Fullscreen 1 Font 24/Smallcaps Map View 76x50 Tactical HUD 0 Map Filters NONE Filters NONE Steam 1 RUN: 08948b08-53a9-48f3-8d0f-aea80db16c3c